 Dungeon Crawl Stone Soup version 0.31.0-9-g3a7656b989 (webtiles) character file.

Game seed: 10909018154450015758

635 qw the Ducker (level 7, 0/35 HPs)
             Began as a Spriggan Hunter on Feb 2, 2024.
             Slain by a black bear (2 damage)
             ... on level 4 of the Dungeon.
             The game lasted 00:00:10 (2700 turns).

qw the Ducker (Spriggan Hunter)                     Turns: 2700, Time: 00:00:11

Health: 0/35       AC:  5    Str:  7    XL:     7   Next: 25%
Magic:  8/8        EV: 22    Int: 10    God:
Gold:   218        SH:  0    Dex: 21    Spells: 6/6 levels left

rFire   . . .        a - +4 shortbow
rCold   . . .        (shield currently unavailable)
rNeg    . . .        c - +0 robe
rPois   .            (helmet restricted)
rElec   .            e - +2 cloak
rCorr   .            (gloves unavailable)
SInv    +            (boots unavailable)
Will    +....        (no amulet)
Stlth   ++           (no ring)
HPRegen 0.25/turn    (no ring)
MPRegen 0.11/turn

%: no passive effects
@: very quick
A: very small, no large weapons, unfitting armour, see invisible, speed 3
a: no special abilities


You were on level 4 of the Dungeon.
You visited 1 branch of the dungeon, and saw 4 of its levels.

You collected 218 gold pieces.


Innate Abilities, Weirdness & Mutations

You are very small and have problems with some larger weapons.
You are too small for most types of armour.
You have supernaturally acute eyesight. (SInv)
You cover ground extremely quickly. (Speed+++)


   Skills:
 - Level 2.0 Fighting
 + Level 7.1 Ranged Weapons
 - Level 7.1 Dodging
 - Level 1.5 Stealth


You had 6 spell levels left.
You didn't know any spells.
Your spell library was empty.

Inventory:

Hand Weapons
 a - a +4 shortbow (weapon)
Armour
 c - a +0 robe (worn)
 e - a +2 cloak (worn)
Jewellery
 h - a ring of fire
Wands
 n - a wand of flame (20)
Scrolls
 k - a scroll of torment {unknown}
 l - a scroll of fog {unknown}
 m - a scroll of enchant armour
Potions
 d - a potion of enlightenment {unknown}
 f - a potion of curing {unknown}
 g - a potion of resistance {unknown}
 i - a potion of attraction {unknown}
 o - 2 potions of degeneration {unknown}
 p - a potion of lignification {unknown}

Dungeon Overview and Level Annotations

Branches:
Dungeon (4/15)
 Temple: D:4-7

Altars:
Hepliaklqana
Kikubaaqudgha
Xom


Message History

The arrow hits the quokka but does no damage.
The quokka is almost dead.
The quokka misses you.
You shoot an arrow. The arrow hits the quokka.
You kill the quokka!
The hobgoblin completely misses you.
The black bear completely misses you. x2
The black bear misses you.
You shoot an arrow. The arrow hits the black bear.
The black bear is lightly wounded.
The black bear completely misses you. The black bear misses you.
The black bear claws you but does no damage.
The hobgoblin misses you.
You shoot an arrow. The arrow hits the black bear!
The black bear is moderately wounded.
The hobgoblin misses you. The black bear closely misses you.
The black bear claws you but does no damage. x2
You shoot an arrow. The arrow barely misses the black bear.
The hobgoblin closely misses you. The black bear barely misses you.
The black bear closely misses you. The black bear barely misses you.
You shoot an arrow. The arrow hits the black bear.
The black bear is heavily wounded.
The hobgoblin hits you. The black bear closely misses you.
The black bear misses you. The black bear completely misses you.
You shoot an arrow. The arrow hits the black bear.
The black bear is heavily wounded.
The hobgoblin hits you. The black bear closely misses you. x3
You shoot an arrow. The arrow barely misses the black bear.
The black bear bites you.
The black bear claws you but does no damage. x2
The hobgoblin misses you.
You shoot an arrow. The arrow hits the black bear!
The black bear is almost dead.
The hobgoblin hits you but does no damage.
The black bear goes berserk!
You shoot an arrow.
The arrow closely misses the black bear.
The black bear barely misses you. x2; The black bear completely misses you.
The hobgoblin closely misses you. The black bear bites you!
The black bear claws you. x2
You die...

...## ....#
....#
########+....#
...(.........#
.............#
.............#
......g@.....#
......h......#
......$......#
.............#
##########...#
...# ..# ..#


You could see a black bear (berserk) and a hobgoblin.

Vanquished Creatures
  Sigmund (D:2)
  Duvessa (D:4)
  A black bear (D:4)
  Dowan (D:4)
  A jelly (D:4)
  Natasha (D:3)
  2 orc wizards (D:3)
  5 adders
  2 gnolls (D:4)
  8 orcs (D:3)
  6 bats
  8 endoplasms
  A giant cockroach (D:3)
  14 goblins
  5 hobgoblins
  5 kobolds
  5 quokkas
  6 ball pythons
  3 frilled lizards
  A rat (D:3)
77 creatures vanquished.

Notes
Turn   | Place    | Note
-------+----------+-------------------------------------------
     0 | D:1      | qw the Spriggan Hunter began the quest for the Orb.
     0 | D:1      | Reached XP level 1. HP: 10/10 MP: 2/2
     0 | D:1      | 0 ||| qw: Version: 0.3-a-155-g5e7d8dd
     0 | D:1      | 0 ||| qw: Game counter: 288
     0 | D:1      | 0 ||| qw: Melee chars always use a shield: true
     0 | D:1      | 0 ||| qw: God list: Okawaru
     0 | D:1      | 0 ||| qw: Allow faded altars: false
     0 | D:1      | 0 ||| qw: Do Orc after clearing Dungeon:15 true
     0 | D:1      | 0 ||| qw: Do second Lair branch before Depths: true
     0 | D:1      | 0 ||| qw: Lair rune preference: random
     0 | D:1      | 0 ||| qw: Goals: Normal
     0 | D:1      | 0 ||| PLANNING D:1-11
    64 | D:1      | Reached skill level 3 in Dodging
   191 | D:1      | Reached XP level 2. HP: 14/14 MP: 3/3
   692 | D:1      | 692 ||| UPGRADING to +0 cloak.
   697 | D:1      | 697 ||| READING scroll labelled BOKHLATS OTUYLY.
   698 | D:1      | 698 ||| READING 2 scrolls labelled IBE HIOXOGA.
   699 | D:1      | 699 ||| READING scroll labelled GORULA KEIHI.
   702 | D:1      | 702 ||| READING scroll labelled URPHIU XOFUTIO.
   702 | D:1      | 702 ||| ENCHANTING +0 shortbow.
   703 | D:1      | 703 ||| DROPPING scroll of butterflies.
   704 | D:1      | 704 ||| DROPPING scroll of amnesia.
   819 | D:2      | Reached XP level 3. HP: 18/18 MP: 4/4
   819 | D:2      | Found a hazy altar of Hepliaklqana.
   957 | D:2      | 957 ||| READING 3 scrolls of enchant weapon.
   957 | D:2      | 957 ||| ENCHANTING +1 shortbow.
   958 | D:2      | 958 ||| READING 2 scrolls of enchant weapon.
   958 | D:2      | 958 ||| ENCHANTING +2 shortbow.
   959 | D:2      | 959 ||| READING scroll of enchant weapon.
   959 | D:2      | 959 ||| ENCHANTING +3 shortbow.
  1084 | D:2      | Noticed Sigmund
  1093 | D:2      | Killed Sigmund
  1094 | D:2      | Reached skill level 6 in Ranged Weapons
  1094 | D:2      | Reached XP level 4. HP: 22/22 MP: 5/5
  1094 | D:2      | Reached XP level 5. HP: 25/25 MP: 6/6
  1631 | D:2      | 1631 ||| READING scroll labelled DODDEB SEF.
  1631 | D:2      | 1631 ||| IDENTIFYING green potion
  1632 | D:2      | 1632 ||| READING scroll labelled QUITSI WOAFE.
  1632 | D:2      | 1632 ||| ENCHANTING +0 cloak.
  1669 | D:3      | 1669 ||| READING scroll of enchant armour.
  1669 | D:3      | 1669 ||| ENCHANTING +1 cloak.
  1953 | D:3      | Found a hazy altar of Hepliaklqana.
  1989 | D:3      | Found a shimmering altar of Xom.
  2000 | D:3      | Reached XP level 6. HP: 30/30 MP: 7/7
  2318 | D:3      | 2318 ||| READING scroll labelled ANU TIEZISI.
  2319 | D:3      | 2319 ||| READING scroll labelled ZOPPUD YTAY.
  2321 | D:3      | 2321 ||| Stepping ~*~*~tactically~*~*~ (cloud).
  2428 | D:4      | Noticed Natasha
  2429 | D:4      | 2429 ||| PLANNING SEWER
  2431 | D:4      | 2431 ||| STAIRDANCE
  2440 | D:4      | 2440 ||| STAIRDANCE
  2466 | D:4      | 2466 ||| STAIRDANCE
  2469 | D:3      | Killed Natasha
  2505 | D:4      | Reached skill level 6 in Dodging
  2515 | D:4      | Found an ancient bone altar of Kikubaaqudgha.
  2564 | D:4      | Noticed Duvessa
  2564 | D:4      | Noticed Dowan
  2570 | D:4      | Killed Duvessa
  2571 | D:4      | Reached XP level 7. HP: 20/35 MP: 8/8
  2574 | D:4      | 2574 ||| FLEEEEING.
  2576 | D:4      | 2576 ||| FLEEEEING.
  2577 | D:4      | 2577 ||| FLEEEEING.
  2578 | D:4      | 2578 ||| FLEEEEING.
  2579 | D:4      | 2579 ||| FLEEEEING.
  2580 | D:4      | 2580 ||| FLEEEEING.
  2584 | D:4      | Killed Dowan
  2682 | D:4      | HP: 4/35 [gnoll/+1 spear of venom (5)]
  2683 | D:4      | 2683 ||| READING scroll of teleportation.
  2683 | D:4      | HP: 1/35 [poisoned by a gnoll]
  2684 | D:4      | 2684 ||| DRINKING potion of heal wounds.
  2700 | D:4      | HP: 3/35 [black bear (9)]
  2700 | D:4      | Slain by a black bear

Levels and vault maps discovered:
D:1:      tarquinn_simple_flora_water_c, layout_loops_ring,
          minmay_misc_feat_rugged
D:2:      minmay_door_path, layout_basic, basic_altar, uniq_sigmund
D:3:      layout_loops_ring, mainiacjoe_overflow_surrounded_room,
          mainiacjoe_overflow_small_starburst, minmay_misc_feat_five
D:4:      nicolae_cairo_tiling, layout_basic, old_standard_altar,
          cheibrodos_sewer_entry_drain, serial_shops, shop,
          kennysheep_another_room, minivault_11, uniq_natasha, uniq_duvessa,
          uniq_ijyb

Skill      XL: |  1  2  3  4  5  6  7 |
---------------+----------------------+-----
Dodging        | 3 4 5 6 7 |  7.1
Ranged Weapons | 6 7 |  7.1
Fighting       | 2 |  2.0
Stealth        | |  1.5

Action                     |  1- 3 |  4- 6 |  7- 9 || total
---------------------------+-------+-------+-------++-------
   Fire: Shortbow          |    78 |    98 |    30 ||   206
    Use: Scroll            |     7 |     5 |     1 ||    13
         Potion            |       |       |     1 ||     1
 Armour: Robe              |     9 |    11 |    18 ||    38
  Dodge: Dodged            |    30 |    20 |    44 ||    94

Table legend:
 A = Non-vault XP
 B = Vault XP
 C = Vault XP percentage of total XP
 D = Non-vault monster count
 E = Vault monster count
 F = Vault count percentage of total count
                 A         B        C        D         E       F
            +---------+---------+-------+---------+---------+-------
      Total |     431 |     477 |  52.5 |      70 |       7 |   9.1
            +---------+---------+-------+---------+---------+-------
        D:1 |      36 |       0 |   0.0 |      21 |       0 |   0.0
        D:2 |      36 |     231 |  86.5 |      15 |       4 |  21.1
        D:3 |     161 |      35 |  17.9 |      29 |       1 |   3.3
        D:4 |     198 |     211 |  51.6 |       5 |       2 |  28.6
            +---------+---------+-------+---------+---------+-------
